General information
- name: BNet
- type: Ladder team game (AT/RT)
- host: Battle.net
- saver: GODIEPLZ
map: Typhoon
- players: 6
- length: 14:24
- speed: Fast
- version: 1.24 W3XP
- replay type: Public
» download(124 KB)
Players
team 1 (winner)
GODIEPLZ (
red | 150 APM | 2155 actions | 14:24)
4 Death Knight
2 Death Coil
2 Unholy Aura
2 Lich
1 Frost Nova
1 Frost Armor
» actions
| Assign group hotkey | 21 | |
| Basic commands | 152 | |
| Build / train | 37 | |
| Enter build submenu | 11 | |
| Enter hero's abilities submenu | 6 | |
| Right click | 1114 | |
| Select / deselect | 342 | |
| Select group hotkey | 401 | |
| Use ability | 71 | |
2155 total
» units
| Acolyte | 2 | |
| Ghoul | 3 | |
| Crypt Fiend | 9 | |
| Obsidian Statue | 4 | |
18 total
» upgrades
| Creature Attack | 2 | |
| Burrow | 1 | |
| Destroyer Form | 1 | |
4 total
» buildings
| Crypt | 1 | |
| Graveyard | 1 | |
| Altar of Darkness | 1 | |
| Ziggurat | 6 | |
| Tomb of Relics | 1 | |
| Nerubian Tower | 1 | |
| Halls of the Dead | 1 | |
| Slaughterhouse | 1 | |
| Black Citadel | 1 | |
14 total
» build order
00:04 Crypt
00:18 Graveyard
00:40 Altar of Darkness
00:55 Ziggurat
01:23 Tomb of Relics
01:58 Ziggurat
02:12 Nerubian Tower
04:17 Halls of the Dead
04:57 Ziggurat
04:58 Ziggurat
06:52 Slaughterhouse
08:05 Ziggurat
08:19 Black Citadel
11:32 Ziggurat
» items

»
OakHill (
yellow | 139 APM | 2006 actions | 14:24)
3 Priestess of the Moon
1 Searing Arrows
2 Trueshot Aura
» actions
| Assign group hotkey | 59 | |
| Basic commands | 35 | |
| Build / train | 49 | |
| ESC pressed | 2 | |
| Enter build submenu | 11 | |
| Enter hero's abilities submenu | 3 | |
| Right click | 1205 | |
| Select / deselect | 267 | |
| Select group hotkey | 340 | |
| Use ability | 35 | |
2006 total
» units
» upgrades
| Strength of the Moon | 1 | |
| Improved Bows | 1 | |
2 total
» buildings
| Altar of Elders | 2 | |
| Moon Well | 5 | |
| Hunter's Hall | 1 | |
| Ancient of War | 2 | |
| Tree of Ages | 4 | |
| Tree of Life | 1 | |
15 total
» build order
00:19 Altar of Elders
00:23 Altar of Elders
00:30 Moon Well
01:54 Hunter's Hall
02:13 Ancient of War
02:27 Ancient of War
02:31 Moon Well
03:07 Moon Well
03:55 Moon Well
07:47 Moon Well
10:07 Tree of Ages
10:07 Tree of Ages
10:08 Tree of Ages
12:35 Tree of Life

»
yeahshesassbats (
purple | 105 APM | 1513 actions | 14:24)
3 Death Knight
2 Death Coil
1 Unholy Aura
2 Lich
1 Frost Nova
1 Dark Ritual
1 Crypt Lord
1 Impale
» actions
| Assign group hotkey | 63 | |
| Basic commands | 6 | |
| Build / train | 36 | |
| ESC pressed | 1 | |
| Enter build submenu | 12 | |
| Enter hero's abilities submenu | 6 | |
| Give item / drop item | 5 | |
| Right click | 726 | |
| Select / deselect | 154 | |
| Select group hotkey | 443 | |
| Use ability | 61 | |
1513 total
» units
| Acolyte | 2 | |
| Ghoul | 2 | |
| Crypt Fiend | 10 | |
| Obsidian Statue | 2 | |
16 total
» upgrades
» buildings
| Crypt | 1 | |
| Graveyard | 1 | |
| Altar of Darkness | 1 | |
| Ziggurat | 4 | |
| Tomb of Relics | 1 | |
| Halls of the Dead | 1 | |
| Black Citadel | 1 | |
| Slaughterhouse | 1 | |
11 total
» build order
00:18 Crypt
00:31 Graveyard
00:49 Altar of Darkness
01:00 Ziggurat
01:20 Tomb of Relics
02:02 Ziggurat
03:50 Halls of the Dead
04:41 Ziggurat
07:59 Black Citadel
08:21 Slaughterhouse
09:26 Ziggurat
» items
| Rod of Necromancy | 2 | |
| Potion of Healing | 1 | |
| Potion of Mana | 1 | |
| Scroll of Town Portal | 1 | |
| Orb of Corruption | 1 | |
| Scroll of Healing | 1 | |
7 total
team 2 (loser)
Cash-Cropped (
blue | 103 APM | 1470 actions | 14:19)
3 Death Knight
2 Death Coil
1 Unholy Aura
1 Lich
1 Frost Nova
» actions
| Assign group hotkey | 18 | |
| Basic commands | 1 | |
| Build / train | 35 | |
| Enter build submenu | 16 | |
| Enter hero's abilities submenu | 4 | |
| Right click | 1012 | |
| Select / deselect | 171 | |
| Select group hotkey | 169 | |
| Use ability | 44 | |
1470 total
» units
| Acolyte | 2 | |
| Ghoul | 2 | |
| Crypt Fiend | 13 | |
| Obsidian Statue | 2 | |
| Frost Wyrm | 1 | |
20 total
» upgrades
» buildings
| Crypt | 1 | |
| Graveyard | 1 | |
| Altar of Darkness | 1 | |
| Ziggurat | 6 | |
| Tomb of Relics | 1 | |
| Nerubian Tower | 1 | |
| Halls of the Dead | 1 | |
| Black Citadel | 1 | |
| Slaughterhouse | 1 | |
| Sacrificial Pit | 1 | |
| Boneyard | 2 | |
17 total
» build order
00:21 Crypt
00:26 Graveyard
00:51 Altar of Darkness
00:55 Ziggurat
01:13 Tomb of Relics
01:41 Ziggurat
02:20 Nerubian Tower
03:54 Ziggurat
04:16 Halls of the Dead
05:56 Ziggurat
07:49 Black Citadel
08:45 Slaughterhouse
11:40 Sacrificial Pit
11:43 Ziggurat
11:44 Ziggurat
12:34 Boneyard
12:37 Boneyard
» items
| Rod of Necromancy | 2 | |
| Dust of Appearance | 1 | |
| Scroll of Regeneration | 1 | |
4 total

»
COLIN_FILLITER (
teal | 47 APM | 670 actions | 14:23)
3 Keeper of the Grove
2 Entangling Roots
1 Thorns Aura
1 Priestess of the Moon
1 Searing Arrows
» actions
| Assign group hotkey | 17 | |
| Basic commands | 20 | |
| Build / train | 41 | |
| ESC pressed | 1 | |
| Enter build submenu | 12 | |
| Enter hero's abilities submenu | 4 | |
| Remove unit from queue | 1 | |
| Right click | 260 | |
| Select / deselect | 203 | |
| Select group hotkey | 54 | |
| Use ability | 57 | |
670 total
» units
| Wisp | 10 | |
| Archer | 1 | |
| Huntress | 4 | |
| Druid of the Claw | 4 | |
19 total
» upgrades
| Strength of the Wild | 1 | |
| Druid of the Claw Training | 2 | |
| Reinforced Hides | 2 | |
5 total
» buildings
| Altar of Elders | 1 | |
| Moon Well | 5 | |
| Ancient of War | 1 | |
| Hunter's Hall | 1 | |
| Ancient of Wonders | 1 | |
| Tree of Ages | 1 | |
| Ancient Protector | 1 | |
| Tree of Eternity | 1 | |
| Ancient of Lore | 2 | |
14 total
» build order
00:12 Altar of Elders
00:20 Moon Well
01:09 Ancient of War
01:46 Hunter's Hall
02:02 Moon Well
02:20 Ancient of Wonders
02:45 Moon Well
03:27 Tree of Ages
04:24 Ancient Protector
06:44 Tree of Eternity
06:49 Ancient of Lore
06:52 Ancient of Lore
09:45 Moon Well
13:40 Moon Well
» items
| Lesser Clarity Potion | 4 | |
| Scroll of Regeneration | 1 | |
| Potion of Healing | 1 | |
| Scroll of Town Portal | 2 | |
8 total
iPATH (
green | 48 APM | 684 actions | 14:16)
2 Mountain King
1 Storm Bolt
1 Bash
1 Paladin
1 Devotion Aura
» actions
| Assign group hotkey | 21 | |
| Build / train | 38 | |
| Enter build submenu | 13 | |
| Enter hero's abilities submenu | 3 | |
| Remove unit from queue | 2 | |
| Right click | 243 | |
| Select / deselect | 199 | |
| Select group hotkey | 118 | |
| Use ability | 47 | |
684 total
» units
| Peasant | 11 | |
| Footman | 10 | |
| Knight | 2 | |
23 total
» upgrades
» buildings
| Altar of Kings | 1 | |
| Farm | 5 | |
| Barracks | 2 | |
| Scout Tower | 2 | |
| Arcane Vault | 1 | |
| Arcane Tower | 2 | |
| Keep | 1 | |
| Lumber Mill | 1 | |
| Castle | 1 | |
| Blacksmith | 1 | |
17 total
» build order
00:11 Altar of Kings
00:22 Farm
00:42 Barracks
01:05 Farm
01:38 Scout Tower
02:04 Arcane Vault
02:22 Arcane Tower
02:34 Scout Tower
02:40 Farm
03:12 Barracks
04:35 Keep
04:57 Arcane Tower
06:00 Keep
08:12 Lumber Mill
08:26 Farm
09:01 Farm
09:19 Castle
11:14 Castle
12:03 Blacksmith
» items
Chat log
(00:08 / All) iPATH: wtf
(00:08 / All) GODIEPLZ: Sexc
(00:10 / All) yeahshesassbats: sec
(00:10 / All) GODIEPLZ: hes inb athroom
(00:12 / Allies) OakHill: lets go!
(00:20 / Allies) GODIEPLZ: sam
(00:22 / All) OakHill: thx for waiting
(00:23 / Allies) GODIEPLZ: do u know if the latest patch
(00:28 / Allies) GODIEPLZ: causes vista graphic glitches
(00:32 / Allies) GODIEPLZ: cause i dont see my buildings building
(00:38 / Allies) OakHill: if u alt tab
(00:44 / Allies) GODIEPLZ: really?
(00:46 / Allies) GODIEPLZ: did they fuck it up?
(00:50 / Allies) OakHill: dunno
(00:52 / Allies) GODIEPLZ: cause it never ahppened until todays patch
(00:53 / Allies) OakHill: i have windows 7
(00:55 / Allies) OakHill: fine with me
(01:00 / Allies) GODIEPLZ: fuck u hipster
(01:08 / Allies) yeahshesassbats: dl win7
(01:41 / Allies) OakHill: ud/ud/elf
(01:42 / Allies) OakHill: we are pros
(01:48 / Allies) GODIEPLZ: pretty bad combo
(01:50 / Allies) GODIEPLZ: if they harass
(01:56 / Allies) OakHill: cosnider
(01:58 / Allies) OakHill: who I am
(02:02 / Allies) OakHill: i can stop a triple harass bro
(02:06 / Allies) yeahshesassbats: SAM
(02:10 / Allies) yeahshesassbats: I HEARD YOU LOST TO TALONS
(02:16 / Allies) OakHill: i have the replay
(02:18 / Allies) OakHill: of owning him still
(03:39 / Allies) yeahshesassbats: U NEED HELP BRO?
(03:44 / All) COLIN_FILLITER: dude well
(03:55 / Allies) yeahshesassbats: COMING SAM ;D
(05:16 / All) GODIEPLZ: blue u r the worst
(05:31 / All) GODIEPLZ: like honestly
(05:34 / All) GODIEPLZ: watxh some replays
(07:32 / Allies) OakHill: lol
(07:35 / Allies) OakHill: had 4 on gold all game
(07:38 / All) GODIEPLZ: bad
(08:34 / Allies) GODIEPLZ: np[e
(08:37 / All) Cash-Cropped: bad like thaT?
(09:21 / Allies) OakHill: out theres 3
(09:38 / Allies) OakHill: goggo
(10:18 / Allies) GODIEPLZ: out
(10:19 / Allies) GODIEPLZ: of the choke
(12:24 / Allies) yeahshesassbats: LETS GO
(12:25 / Allies) yeahshesassbats: OTHERSIDE
(12:38 / Allies) OakHill: GENIUS
(12:44 / Allies) yeahshesassbats: ;D
(14:06 / Allies) OakHill: who the f goes bears vs dual ud
(14:21 / All) COLIN_FILLITER: gg